 Dungeon Crawl Stone Soup version 0.18.1-48-g4cf74bf (webtiles) character file.

194 PossumBlood the Magician (level 5, -7/28 HPs)
             Began as a Deep Elf Wizard on Aug 17, 2016.
             Was a Follower of Vehumet.
             Killed from afar by Schimscham's ghost (10 damage)
             ... with a magic dart
             ... on level 3 of the Dungeon.
             The game lasted 00:08:00 (3265 turns).

PossumBlood the Magician (Deep Elf Wizard)          Turns: 3265, Time: 00:08:01

Health: -7/28      AC:  3    Str:  4    XL:     5   Next: 44%
Magic:  8/16       EV: 12    Int: 24    God:    Vehumet [*.....]
Gold:   154        SH:  0    Dex: 13    Spells: 5 memorised, 7 levels left

rFire  + . .     SeeInvis .     j - +4 dagger
rCold  + . .     Gourm    .     e - +0 robe {rC+ rF+}
rNeg   . . .     Faith    .     (no shield)
rPois  .         Spirit   .     b - +0 hat
rElec  .         Dismiss  .     a - +0 cloak
rCorr  .         Reflect  .     (no gloves)
SustAt .         Harm     +     (no boots)
MR     .....                    i - amulet of harm
Stlth  ++........               (no ring)
                                (no ring)

@: not resistant to hostile enchantments, unstealthy
A: no striking features
a: Renounce Religion


You were on level 3 of the Dungeon.
You worshipped Vehumet.
Vehumet was aware of your devotion.
You were hungry.

You visited 1 branch of the dungeon, and saw 3 of its levels.

You collected 154 gold pieces.

Inventory:

Hand Weapons
 j - a +4 dagger (weapon)
Armour
 a - a +0 cloak (worn)
 b - a +0 hat (worn)
 e - a +0 robe of resistance (worn)
Jewellery
 i - an amulet of harm (around neck)
Scrolls
 o - a scroll of magic mapping
 r - 2 scrolls of identify
Potions
 f - 3 potions of mutation
 g - a potion of flight
 l - a potion of haste {unknown}
 n - a potion of beneficial mutation {unknown}
 s - a potion of lignification {unknown}
 t - a potion of cure mutation {unknown}
Books
 c - a book of Minor Magic

   Spells                             Type                      Level
   a - Magic Dart                     Conjuration                  1
   b - Blink                          Translocation                2
   c - Call Imp                       Summoning                    2
   d - Repel Missiles                 Charms/Air                   2
   e - Slow                           Hexes                        2
   f - Conjure Flame                  Conjuration/Fire             3
   g - Mephitic Cloud                 Conjuration/Poison/Air       3
Comestibles
 d - 2 bread rations
 h - 2 beef jerkies
 k - 3 meat rations
 q - 2 fruits


   Skills:
 - Level 2.4 Dodging
 - Level 2.4 Stealth
 + Level 6.7 Spellcasting
 + Level 4.2 Conjurations
   Level 1.1 Summonings
 - Level 1.1 Translocations


You had 7 spell levels left.
You knew the following spells:

 Your Spells              Type           Power        Failure   Level  Hunger
a - Magic Dart            Conj           ####         1%          1    None
b - Blink                 Tloc           N/A          10%         2    None
c - Repel Missiles        Chrm/Air       #.....       12%         2    None
d - Slow                  Hex            #.......     12%         2    None
e - Conjure Flame         Conj/Fire      ###.....     12%         3    None


Dungeon Overview and Level Annotations

Branches:
Dungeon (3/15)

Altars:
Dithmenos
Fedhas
Okawaru
Sif Muna
Vehumet
The Shining One

Annotations:
D:3 Schimscham's ghost, amateur DrCj


Message History

The magic dart hits you!
* * * LOW HITPOINT WARNING * * *
Casting: Magic Dart
Confirm with . or Enter, or press ? or * to list all spells.
Aiming: Magic Dart
Press: ? - help, Shift-Dir - straight line, f/p - Schimscham's ghost
Aim: Schimscham's ghost (heavily damaged)
The magic dart hits Schimscham's ghost.
Schimscham's ghost is heavily damaged.
Schimscham's ghost closely misses you.
Casting: Magic Dart
Confirm with . or Enter, or press ? or * to list all spells.
Aiming: Magic Dart
Press: ? - help, Shift-Dir - straight line, f/p - Schimscham's ghost
Aim: Schimscham's ghost (heavily damaged)
The magic dart hits Schimscham's ghost.
Schimscham's ghost is heavily damaged.
Schimscham's ghost casts a spell at you.
The magic dart hits you!
You die...

#..)..........###.#.###.....
#.##..............#.........
#.######.........###..#.....
#†#........................)
###.#.####..........##########
#..>......................(...
#....<####.#..................
#....## #.#############._....
#+#### #..W@...######.......
########.##.....#.....8..
#.........#.....#........
#........##........._....
#......).###.............
#........+...............
#........#######.#.......
#........# ###..#.......
######.(.# #....'.......


You could see Schimscham's ghost.

Vanquished Creatures
  2 orc wizards (D:3)
  4 adders
  3 gnolls (D:2)
  3 worms
  3 giant geckos
  7 orcs (D:3)
  4 giant cockroaches
  3 goblins
  7 hobgoblins
  10 jackals
  3 quokkas
  A bat (D:1)
  A giant newt (D:3)
  6 kobolds
  4 rats
61 creatures vanquished.

Notes
Turn   | Place    | Note
--------------------------------------------------------------
     0 | D:1      | PossumBlood the Deep Elf Wizard began the quest for the Orb.
     0 | D:1      | Reached XP level 1. HP: 10/10 MP: 7/7
   495 | D:1      | Reached XP level 2. HP: 15/15 MP: 7/9
   846 | D:2      | Reached skill level 5 in Spellcasting
   850 | D:2      | Reached XP level 3. HP: 19/19 MP: 1/11
  1529 | D:2      | Found a glowing golden altar of the Shining One.
  1598 | D:2      | Found a shadowy altar of Dithmenos.
  1613 | D:2      | Reached XP level 4. HP: 17/24 MP: 4/13
  2163 | D:3      | Found an iron altar of Okawaru.
  2163 | D:3      | Found a radiant altar of Vehumet.
  2163 | D:3      | Found a blossoming altar of Fedhas.
  2169 | D:3      | Became a worshipper of Vehumet
  2174 | D:3      | Reached skill level 6 in Spellcasting
  2178 | D:3      | Learned a level 2 spell: Blink
  2181 | D:3      | Learned a level 2 spell: Repel Missiles
  2184 | D:3      | Learned a level 2 spell: Slow
  2188 | D:3      | Learned a level 3 spell: Conjure Flame
  2479 | D:3      | Found a faded altar to an unknown god.
  2706 | D:3      | Found a deep blue altar of Sif Muna.
  2790 | D:3      | Reached XP level 5. HP: 23/28 MP: 7/15
  2797 | D:3      | Reached * piety under Vehumet
  2797 | D:3      | Offered knowledge of Freeze by Vehumet.
  3252 | D:3      | Noticed Schimscham's ghost (amateur DrCj)
  3265 | D:3      | Killed from afar by Schimscham's ghost

Skill      XL: |  1  2  3  4  5 |
---------------+----------------+-----
Spellcasting   | 5 6 |  6.7
Conjurations   | 2 3 4 |  4.2
Dodging        | |  2.4
Stealth        | |  2.4
Summonings     | |  1.1
Translocations | |  1.1

Action                   |  1- 3 |  4- 6 || total
-------------------------+-------+-------++-------
Melee: Dagger            |       |    26 ||    26
 Cast: Magic Dart        |    77 |   103 ||   180
  Use: Scroll            |     5 |     7 ||    12
       Potion            |       |     2 ||     2
  Eat: Bread ration      |     1 |       ||     1
       Royal jelly       |       |     1 ||     1
Armor: Robe              |     3 |     6 ||     9
Dodge: Dodged            |    10 |    29 ||    39
